 Dungeon Crawl Stone Soup version 0.21-a0-437-ge5bf024 (webtiles) character file.

59 slep the Slasher (level 3, -10/34 HPs)
             Began as a Minotaur Monk on Nov 10, 2017.
             Killed by nerve-wracking pain
             ... invoked by a shadow imp
              (12 damage)
             ... on level 2 of the Dungeon.
             The game lasted 00:05:29 (632 turns).

slep the Slasher (Minotaur Monk)                     Turns: 632, Time: 00:05:29

Health: -10/34     AC:  3    Str: 19    XL:     3   Next: 78%
Magic:  2/2        EV: 13    Int:  7    God:
Gold:   31         SH:  0    Dex: 13    Spells: 2/2 levels left

rFire    . . .     SeeInvis .   i - -1 mace (curse)
rCold    . . .     Gourm    .   (no shield)
rNeg     . . .     Faith    .   k - +0 leather armour (curse)
rPois    .         Spirit   .   (helmet restricted)
rElec    .         Reflect  .   (no cloak)
rCorr    .         Harm     .   (no gloves)
MR       .....                  (no boots)
Stlth    ++........             (no amulet)
HPRegen  0.11/turn              l - +4 ring of strength
MPRegen  0.08/turn              (no ring)

@: no status effects
A: retaliatory headbutt, horns 2
a: no special abilities


You were on level 2 of the Dungeon.
You were not hungry.

You visited 1 branch of the dungeon, and saw 2 of its levels.

You collected 31 gold pieces.

Inventory:

Hand Weapons
 a - a +0 falchion
 i - a cursed -1 mace (weapon)
Armour
 b - a +0 robe
 g - a +0 leather armour
 k - a cursed +0 leather armour (worn)
Jewellery
 l - a +4 ring of strength (left hand)
Scrolls
 d - a scroll of noise {unknown}
 e - 3 scrolls of identify {unknown}
 h - a scroll of remove curse {unknown}
 n - a scroll of immolation {unknown}
Potions
 f - a potion of resistance {unknown}
 j - a potion of degeneration {unknown}
 m - a potion of agility {unknown}
Comestibles
 c - 3 bread rations


   Skills:
 + Level 4.3 Fighting
 + Level 4.4 Long Blades
 + Level 0.2 Maces & Flails
 + Level 0.3 Armour
 + Level 4.0 Dodging
 + Level 1.6 Stealth


You had 2 spell levels left.
You didn't know any spells.

Dungeon Overview and Level Annotations

Branches:
Dungeon (2/15)

Altars:
Dithmenos
The Shining One


Innate Abilities, Weirdness & Mutations

You reflexively headbutt those who attack you in melee.
You have a pair of horns on your head.


Message History

You feel sick. The shadow imp completely misses you.
You hit the shadow imp but do no damage.
The shadow imp is severely wounded.
The shadow imp barely misses you. x2
You hit the shadow imp but do no damage.
The shadow imp is severely wounded.
The shadow imp completely misses you.
You completely miss the shadow imp.
The shadow imp is severely wounded.
You feel sick.
You are no longer poisoned.
The shadow imp hits you.
* * * LOW HITPOINT WARNING * * *
The shadow imp closely misses you. You furiously retaliate!
You headbutt the shadow imp. You barely miss the shadow imp.
The shadow imp is almost dead.
The shadow imp gestures at you. Pain shoots through your body!
You die...

#.[#.# ##....###
###.......#
#..._.....##
#..........##
......⌠....>#
#....)5...# #....@_..#
#[.......#############
###...................
###.################
#.# #...# #.# #.#.#
.$. ####.#.# ...
#<...#.. ... ######.#


You could see a shadow imp.

Vanquished Creatures
  A gnoll (D:1)
  An adder (D:2)
  2 oozes (D:1)
  A ball python (D:1)
  A goblin (D:1)
  8 hobgoblins (D:1)
  2 jackals (D:1)
  6 kobolds (D:1)
  3 bats (D:1)
  2 frilled lizards (D:1)
  6 rats
33 creatures vanquished.

Notes
Turn   | Place    | Note
-------+----------+-------------------------------------------
     0 | D:1      | slep the Minotaur Monk began the quest for the Orb.
     0 | D:1      | Reached XP level 1. HP: 19/19 MP: 0/0
   105 | D:1      | Reached XP level 2. HP: 24/27 MP: 1/1
   180 | D:1      | Reached XP level 3. HP: 33/33 MP: 2/2
   617 | D:2      | Found a shadowy altar of Dithmenos.
   619 | D:2      | Found a glowing golden altar of the Shining One.
   632 | D:2      | Killed from afar by a shadow imp

Vault maps used:
D:1:      minmay_arrival_doors, minmay_tetromino_l4
D:2:      grunt_temple_overflow_open

Skill      XL: |  1  2  3 |
---------------+----------+-----
Long Blades    | 4 |  4.4
Fighting       | 4 |  4.3
Dodging        | 4 |  4.0
Maces & Flails | |  0.2
Armour         | |  0.3
Stealth        | |  1.6

Action                   || total
-------------------------++-------
Melee: Falchion          ||    36
       Headbutt          ||     9
       Mace              ||    33
 Stab: Sleeping          ||     2
Armor: Robe              ||     1
       Leather armour    ||    15
Dodge: Dodged            ||    68
       Rpst.: Falchion   ||    12

Table legend:
 A = Spawn XP
 B = Non-spawn XP
 C = Spawn XP percentage of total XP
 D = Spawn monster count
 E = Non-spawn monster count
 F = Spawn count percentage of total count
 G = Total turns spent on level
                    A         B        C        D         E        F      G
               +---------+---------+-------+---------+---------+-------+---------
         Total |       0 |      85 |   0.0 |       0 |      33 |   0.0 |   632
               +---------+---------+-------+---------+---------+-------+---------
           D:1 |       0 |      71 |   0.0 |       0 |      31 |   0.0 |   585
           D:2 |       0 |      14 |   0.0 |       0 |       2 |   0.0 |    47
               +---------+---------+-------+---------+---------+-------+---------
